 Dungeon Crawl Stone Soup version 0.20.1-1-g8b1a95d (webtiles) character file.

114 gobwax the Firebug (level 4, -3/27 HPs)
             Began as an Octopode Fire Elementalist on Aug 24, 2017.
             Shot with an arrow by a centaur (12 damage)
             ... on level 3 of the Dungeon.
             The game lasted 00:04:17 (1948 turns).

gobwax the Firebug (Octopode Fire Elementalist)     Turns: 1948, Time: 00:04:17

Health: -3/27      AC:  1    Str:  7    XL:     4   Next: 98%
Magic:  8/8        EV: 13    Int: 18    God:
Gold:   231        SH:  0    Dex: 12    Spells: 7/8 levels left

rFire    . . .     SeeInvis .   h - +2 dagger (venom)
rCold    . . .     Gourm    .   (no shield)
rNeg     . . .     Faith    .   (helmet restricted)
rPois    .         Spirit   .   (no amulet)
rElec    .         Reflect  .   (no ring)
rCorr    .         Harm     .   (no ring)
MR       .....                  (no ring)
Stlth    +++.......             (no ring)
Regen    0.1/turn               (no ring)
MPRegen  0.2/turn               (no ring)
                                (no ring)
                                (no ring)

@: no status effects
A: almost no armour, stealthy swim, amphibious, 8 rings, constrict 8, camouflage
1, gelatinous body 1
a: no special abilities


You were on level 3 of the Dungeon.
You were not hungry.

You visited 1 branch of the dungeon, and saw 3 of its levels.

You collected 231 gold pieces.

Inventory:

Hand Weapons
 h - a +2 dagger of venom (weapon)
 j - a +0 dagger of holy wrath
Wands
 t - a wand of flame (39/48)
Scrolls
 d - a scroll of recharging
 i - 5 scrolls of identify
 l - a scroll of immolation {unknown}
 n - 2 scrolls of remove curse {unknown}
 o - a scroll of enchant weapon {unknown}
 q - a scroll of amnesia {unknown}
 r - a scroll of teleportation {unknown}
 u - a scroll of blinking {unknown}
Potions
 c - a potion of mutation {unknown}
 e - a potion of magic {unknown}
 g - 3 potions of curing {unknown}
 s - a potion of agility {unknown}
Books
 a - a book of Flames

   Spells                             Type                      Level
   a - Flame Tongue                   Conjuration/Fire             1
   b - Throw Flame                    Conjuration/Fire             2
   c - Conjure Flame                  Conjuration/Fire             3
   d - Inner Flame                    Hexes/Fire                   3
   e - Sticky Flame                   Conjuration/Fire             4
   f - Fireball                       Conjuration/Fire             5
Comestibles
 b - 4 bread rations
 f - 3 meat rations
 k - a royal jelly
 m - a fruit


   Skills:
 - Level 0.2 Short Blades
 - Level 2.0 Dodging
 - Level 2.8 Stealth
 + Level 2.7 Spellcasting
 + Level 1.5 Conjurations
 + Level 4.7 Fire Magic


You had 7 spell levels left.
You knew the following spells:

 Your Spells              Type           Power        Failure   Level  Hunger
a - Flame Tongue          Conj/Fire      ##...        4%          1    None


Dungeon Overview and Level Annotations

Branches:
Dungeon (3/15)

Altars:
Nemelex Xobeh
Ru


Innate Abilities, Weirdness & Mutations

You cannot wear most types of armour.
You are very stealthy in the water. (Stealth+)
You are amphibious.
You can wear up to eight rings at the same time.
You can use your tentacles to constrict eight enemies at once.
Your skin changes colour to match your surroundings (Stealth+).
Your rubbery body absorbs attacks. (AC +1, EV +1)


Message History

You kill the adder!
The centaur wields a shortbow.
The centaur shoots an arrow.
The arrow barely misses you.
The centaur shoots an arrow.
The arrow hits you!
The centaur shoots an arrow.
The arrow hits you.
You see here an arrow.
You are too injured to fight recklessly!
You are too injured to fight recklessly!
You are too injured to fight recklessly!
You are too injured to fight recklessly!
You are too injured to fight recklessly!
You are too injured to fight recklessly!
You are too injured to fight recklessly!
You are too injured to fight recklessly!
You are too injured to fight recklessly!
You are too injured to fight recklessly!
You are too injured to fight recklessly!
You are too injured to fight recklessly!
You are too injured to fight recklessly!
The centaur shoots an arrow.
The arrow hits you!
You die...

## ##...# #.# .
.....#.#.#.
####.#....#.....
.....#..........
...............
.......c.....#.#
.........#......
.......@........
........(######
#.......(....#
#.###....###+##
..............#
.#......(....#######
#........††........
###+###
#...........####
.......
#..............#


You could see a centaur.

Vanquished Creatures
  6 adders
  4 worms
  A dart slug (D:1)
  A leopard gecko (D:3)
  3 orcs (D:3)
  A ball python (D:1)
  4 bats
  2 giant cockroaches (D:2)
  5 goblins
  4 hobgoblins
  3 jackals (D:2)
  3 frilled lizards
  5 kobolds
  4 rats
46 creatures vanquished.

Notes
Turn   | Place    | Note
-------+----------+-------------------------------------------
     0 | D:1      | gobwax the Octopode Fire Elementalist began the quest for the Orb.
     0 | D:1      | Reached XP level 1. HP: 11/11 MP: 3/3
   393 | D:1      | Reached XP level 2. HP: 16/17 MP: 5/5
   591 | D:2      | Reached XP level 3. HP: 14/21 MP: 6/6
   900 | D:2      | Found a sacrificial altar of Ru.
   913 | D:2      | Reached skill level 4 in Fire Magic
  1281 | D:2      | Reached XP level 4. HP: 27/27 MP: 4/7
  1691 | D:3      | Found a sparkling altar of Nemelex Xobeh.
  1942 | D:3      | Noticed a centaur
  1948 | D:3      | Shot with an arrow by a centaur

Skill      XL: |  1  2  3 |
---------------+----------+-----
Fire Magic     | 4 |  4.7
Short Blades   | |  0.2
Dodging        | |  2.0
Stealth        | |  2.8
Spellcasting   | |  2.7
Conjurations   | |  1.5

Action                   |  1- 3 |  4- 6 || total
-------------------------+-------+-------++-------
Melee: Unarmed           |    21 |       ||    21
       Constrict         |    15 |     5 ||    20
       Tentacles         |     9 |     2 ||    11
       Dagger            |    30 |    26 ||    56
 Cast: Flame Tongue      |    11 |    17 ||    28
  Use: Scroll            |       |     2 ||     2
 Stab: Sleeping          |     6 |     3 ||     9
       Distracted        |       |     2 ||     2
  Eat: Chunk             |       |     3 ||     3
Armor: Skin              |     6 |     5 ||    11
Dodge: Dodged            |    28 |    16 ||    44
